[Event "ITT 1st Parada Jamundi 2022"]
[Site "Jamundi Valle"]
[Date "2022.12.09"]
[Round "7.14"]
[White "Renteria, Rolando"]
[Black "Navia Alvarez, Edwin Adrian"]
[Result "0-1"]
[ECO "C00"]
[WhiteElo "2046"]
[BlackElo "2023"]
[Annotator "TA"]
[PlyCount "98"]
[EventDate "2022.12.05"]
[EventType "swiss"]
[EventCountry "COL"]
[SourceTitle "playchess.com"]
[Source "ChessBase"]
[SourceQuality "1"]
[TimeControl "5400+30"]

1. Nf3 d5 2. g3 Nf6 3. Bg2 e6 4. O-O Be7 5. d3 O-O 6. Nbd2 c5 7. e4 Nc6 8. e5 Nd7 9. Re1 b5 10. Nf1 Bb7 11. h4 Qc7 12. Bf4 Rfc8 {[%emt 0:00:04] C00: French: Unusual White 2nd moves.} 13. h5 h6 14. N1h2 a5 {[%emt 0:00:48] Black is slightly better.} 15. Ng4 Bf8 (15... Nd4 $15) 16. Qd2 Qd8 (16... Nd4 {seems wilder.} 17. Nh4 Qd8 18. Rac1 Be7) 17. a4 {[%emt 0:01:27] [#]} Ba6 $146 (17... b4 $17) ({Predecessor:} 17... bxa4 18. Rxa4 c4 19. d4 Nb4 20. Bf1 Bc6 21. Raa1 Bb5 22. Ne3 a4 23. g4 Be7 {0-1 (59) Bartel,M (2192)-Kiolbasa,O (2410) Bydgoszcz 2022}) 18. Ngh2 (18. axb5 $14 {stays ahead.} Bxb5 19. Qd1) 18... Rab8 19. axb5 Bxb5 20. g4 a4 21. g5 hxg5 22. Bxg5 Be7 23. Bf4 Nf8 24. Kh1 Nh7 25. Rg1 Kh8 26. Bh3 Rb7 ({Better is} 26... Qa5 $11) 27. Rg3 $14 {[%emt 0:00:18] And now Rag1 would win.} Rcb8 $2 ({Black should play} 27... Qa5 $14) 28. Rag1 $18 Qf8 29. Rxg7 Qxg7 30. Rxg7 Kxg7 31. Bh6+ Kh8 32. Qf4 Rg8 {[%emt 0:20:06] [#]} 33. Qxf7 $2 (33. Ng4 $1 $18 ) 33... Nd8 $11 {[%emt 0:01:42] Chess con chili.} 34. Qf4 {[%emt 0:00:00] Ng4 is the strong threat.} Be8 35. Ng4 {[%emt 0:00:00] Black must now prevent Nf6.} (35. Qc1 $5 ) 35... Rxb2 $2 (35... Nf7 $1 $14) 36. Nf6 $18 Rb4 37. d4 Bxf6 38. exf6 a3 {[%emt 0:00:21] Strongly threatening ...a2.} 39. Bg7+ Rxg7 40. fxg7+ Kg8 41. Qd6 {[%emt 0:00:00] Intending h6 and mate.} a2 42. h6 $2 (42. Qxd8 $18 a1=Q+ 43. Kg2) 42... a1=Q+ $11 (42... a1=B 43. Bxe6+ Nf7 44. Bxf7+ Bxf7 45. Qd8+) 43. Kh2 $2 (43. Kg2 $11 {and White stays safe.} Qa8 44. Ng5) 43... Qa4 $4 {[%emt 0:01:18][%mdl 8192] [#]} 44. Ne5 (44. Qxd8 $142 Rb6 45. Ne5 c4 46. Qe7 Qd7 47. Nxd7 Bxd7 48. Qd8+ Be8 49. Qxe8+ Nf8 50. gxf8=Q+ Kh7 51. Qh8#) 44... Nf7 $18 45. Bxe6 {[%emt 0:00:00] Ng4 would kill now.} Rb7 46. Ng6 $4 ({Less strong is} 46. Qxc5 Qa7 47. Nxf7 Qxc5 48. Nd8+ Bf7 49. dxc5 Bxe6 50. Nxb7 Nf6 $14) (46. Qd8 $18 Nf8 47. Bxd5 Qxd4 48. gxf8=Q+ (48. Qxe8 Qxf2+ 49. Kh3 Qe3+ 50. Kg2 Qd2+ 51. Kg3 Qe3+ 52. Kg2 Qd2+ 53. Kg3 Qe3+ 54. Kg2 $11) 48... Kxf8 49. Ng6+ (49. Bxf7 Qxd8 50. h7 Qh4+ 51. Kg2 Bxf7 52. f3 Qxh7 53. Kg3 Qxc2 54. Kh3 Rb1 55. Nd7+ Kg7 56. Kg4 Rg1+ 57. Kf4 Qd2+ 58. Kf5 Rg5+ 59. Ke4 Bg6#) 49... Kg8 50. Qxe8+ Kh7 51. Nf8+ (51. Bxb7 Qxf2+ 52. Kh1 Qf1+ 53. Kh2 Qf2+ 54. Bg2 Kxg6 $11) 51... Kxh6 52. Qc6+ (52. Bxb7 Qxf2+ 53. Kh1 Qf1+ 54. Kh2 Qf2+ 55. Kh3 Ng5+ 56. Kg4 Qg1+ 57. Kh4 Qh2+ 58. Kg4 Qg1+ 59. Kf5 Qf2+ 60. Kg4 Qg1+ $11) 52... Kg7 53. Ne6+ (53. Qxb7 Qxf2+ 54. Kh1 Qf1+ 55. Kh2 Qf2+ 56. Kh3 Qe3+ 57. Kh4 Qf4+ 58. Kh3 Qe3+ 59. Kh4 Qf4+ 60. Kh3 Qe3+ $11) 53... Kh7 54. Nxd4 (54. Be4+ Qxe4 55. Qxe4+ Kh6 56. Qxb7 Kg6 57. Qe7 Ne5 58. Qg5+ Kf7 59. Qxe5 Ke7)) 46... Qxd4 $19 (46... cxd4 $2 {leads to mate.} 47. Qf8+ (47. Qxd5 $2 {loses.} Qb4 $19) 47... Nxf8 48. gxf8=Q+ Kh7 49. Qg7#) 47. Qf8+ Nxf8 48. gxf8=Q+ Kh7 49. Bf5 Qxf2+ {[%emt 0:02:17] Never resign too early!   Weighted Error Value: White=1.01/Black=0.70} 0-1

[Event "ITT 1st Parada Jamundi 2022"]
[Site "Jamundi Valle"]
[Date "2022.12.09"]
[Round "7.15"]
[White "Cortes Castro, Jhonny"]
[Black "Vacca, Leonardo"]
[Result "0-1"]
[ECO "B21"]
[WhiteElo "1954"]
[BlackElo "2041"]
[Annotator "TA"]
[PlyCount "58"]
[EventDate "2022.12.05"]
[EventType "swiss"]
[EventCountry "COL"]
[SourceTitle "playchess.com"]
[Source "ChessBase"]
[SourceQuality "1"]
[TimeControl "5400+30"]

1. e4 c5 2. f4 d5 3. e5 Nc6 4. Nf3 Bg4 5. Bb5 Qb6 6. Bxc6+ {[%emt 0:01:44] B21: Sicilian: 2 f4 and Morra Gambit.} Qxc6 7. h3 {[%emt 0:00:03] [#]} Bd7 $146 ({Predecessor:} 7... Bxf3 8. Qxf3 e6 9. c4 Ne7 10. d3 O-O-O 11. Nc3 Nf5 12. O-O h5 13. a4 Be7 {½-½ (42) Hubeny,P (1763)-Malinovsky,P (2076) Prague 2021}) 8. d4 {[%emt 0:00:08] The position is equal.} e6 9. Be3 Qb6 10. Qc1 Bb5 (10... Nh6 $142) 11. Nc3 Ba6 12. Kf2 Qc7 13. Rd1 (13. dxc5 {feels hotter.} Bxc5 14. Bxc5 Qxc5+ 15. Qe3) 13... h5 14. g4 (14. dxc5 $11 Bxc5 15. Bxc5 Qxc5+ 16. Kg3 (16. Qe3 Qxe3+ 17. Kxe3 Ne7 $11)) 14... Nh6 15. Kg3 f6 16. dxc5 (16. gxh5 $2 Nf5+ 17. Kh2 Qf7 $19) (16. g5 $17 Nf5+ 17. Kh2) 16... Qf7 (16... hxg4 $19 {has better winning chances.} 17. hxg4 Qf7) 17. f5 {[%emt 0:03:37] This costs White the game.} (17. g5 $17 {was forced.} fxg5 18. Nxg5) 17... hxg4 $19 18. hxg4 {[%emt 0:00:01] [#]} Nxg4 {[%emt 0:46:43][%mdl 576] Remove Defender} 19. Kxg4 fxe5 {[%emt 0:00:00] The board is on fire.} ({Inferior is} 19... Qh5+ 20. Kg3 Qh3+ 21. Kf2 Qxf5 22. Rh1 Rxh1 23. Qxh1 $17) 20. fxe6 (20. Kg3 $19 Qxf5 21. Rh1 Rxh1 22. Qxh1) 20... Qxe6+ 21. Kg3 Rh3+ 22. Kf2 Qg4 23. Rg1 Rxf3+ (23... Qxf3+ $142 24. Ke1 d4 25. Bf2 dxc3 26. Qe3 {[#]} Qd5 $1 27. Bg3 cxb2 28. Qxe5+ Qxe5+ 29. Bxe5 bxa1=Q+ 30. Bxa1 Bxc5 31. Kd2 Bxg1 32. Kc1 Be3+ 33. Kb2 Bd4+ 34. c3 Bxc3+ 35. Kc1 Bxa1 36. a4 Rc8+ 37. Kd2 Bd4 38. Ke1 Rc1+ 39. Kd2 Be3#) 24. Ke1 Qh4+ 25. Kd1 d4 {[%emt 0:00:00] ( -> ...Qh5)} 26. Bg5 Qh5 {[%emt 0:00:00] Black mates.} 27. Ke1 dxc3 28. Qd1 Bxc5 29. Qd5 Rf1+ {[%emt 0:05:30] Weighted Error Value: White=0.63/Black=0.36} 0-1

[Event "ITT 1st Parada Jamundi 2022"]
[Site "Jamundi Valle"]
[Date "2022.12.09"]
[Round "7.16"]
[White "Simancas Maradei, Miguel Alejand"]
[Black "Borrero, Alexander"]
[Result "0-1"]
[ECO "D35"]
[WhiteElo "2027"]
[BlackElo "1988"]
[Annotator "TA"]
[PlyCount "112"]
[EventDate "2022.12.05"]
[EventType "swiss"]
[EventCountry "COL"]
[SourceTitle "playchess.com"]
[Source "ChessBase"]
[SourceQuality "1"]
[TimeControl "5400+30"]

1. d4 d5 2. c4 e6 3. Nf3 Nf6 4. Nc3 Be7 5. cxd5 exd5 6. Bf4 c6 7. e3 O-O 8. h3 {[%emt 0:00:05] D35: Queen's Gambit Declined: Exchange Variation.} Bf5 {[%emt 0:00:29] Prevents Qc2.} 9. Bd3 {[%emt 0:00:02] [#]} Be4 $146 ({Predecessor:} 9... Bxd3 10. Qxd3 Nbd7 11. O-O Re8 12. Rab1 a5 13. Qc2 Nb6 14. b3 Bd6 15. Ne5 Qe7 16. Nd3 Bxf4 17. Nxf4 Ne4 18. Nxe4 Qxe4 19. Qxe4 Rxe4 20. Nd3 Re7 21. Nc5 {½-½ (33) Fressinet,L (2677)-Gustafsson,J (2646) Oberhof 2011}) 10. O-O {[%emt 0:00:55] The position is equal.} Nbd7 11. Bh2 Qb6 12. a3 Bxf3 13. gxf3 c5 (13... Qxb2 $2 14. Na4 $18) 14. Be5 (14. dxc5 $11 Nxc5 15. b4 Nxd3 16. Qxd3) 14... Qe6 $15 15. Kh2 (15. Bh2 $15) 15... Nxe5 $17 16. dxe5 Qxe5+ 17. f4 Qe6 18. Qf3 Rfe8 19. Rg1 Bf8 (19... Rad8 $17 20. Rac1 g6) 20. Rg5 $15 Red8 (20... d4 $15 21. exd4 cxd4) 21. Rag1 {[#]} (21. Nxd5 $11 Nxd5 22. Bc4) 21... g6 (21... Qc6 $1 $17 {...d4 is the strong threat.} 22. Rd1 h6 23. Rxd5 Nxd5 24. Nxd5 Kh8) 22. Bb1 (22. Nxd5 $11 {remains equal.} Rxd5 23. Bc4) 22... Bg7 (22... Bh6 $17 23. Re5 Qc6) 23. f5 Qd6+ 24. Kh1 h6 (24... Qf8 $17) 25. R5g2 $11 {[%mdl 1024] White has compensation.} g5 26. Ne2 $2 (26. h4 $1 $14 Kf8 27. hxg5 hxg5 28. Rxg5) 26... Qe5 27. b4 b6 {[%emt 0:05:54] Prevents h4.} (27... cxb4 $17 28. axb4 Rac8) 28. Ng3 (28. h4 $1 $11 g4 29. Rxg4 Nxg4 30. Qxg4) 28... d4 {[%emt 0:31:16] Black is more active.} ({Better is} 28... Kf8 29. h4 g4) 29. Ne4 {[%emt 0:01:07] [#]} Nxe4 $1 30. Bxe4 Rac8 $36 {[%emt 0:00:13][%mdl 2048] White is under strong pressure.} 31. h4 f6 32. hxg5 hxg5 (32... fxg5 $17 {White must now prevent ...cxb4.} 33. bxc5 Rxc5 34. exd4 Rxd4) 33. Bb1 (33. Rd1 $11 {keeps the balance.}) 33... d3 (33... dxe3 $17 {And now ...Rd4 would win.} 34. bxc5 bxc5 35. Qxe3 Qxe3 36. fxe3 Bf8 37. Ba2+ Kg7) 34. Rg4 {[%emt 0:00:09][%mdl 8192] Inhibits Rd4.} (34. bxc5 $11 bxc5 35. Ba2+ Kf8 36. Qg4) 34... c4 $19 35. Re4 Qc7 36. Rd1 Re8 $2 (36... Qc6 $19 {Hoping for ...Kf8.} 37. Kg2 Kf8) 37. Kg2 {[%emt 0:00:20] White does not recover from this.} (37. Rxe8+ $15 Rxe8 38. Ba2) 37... Rxe4 38. Qxe4 Qc6 39. Qxc6 Rxc6 40. Bxd3 $2 (40. Rc1 $17 {was worth a try.}) 40... cxd3 41. Rxd3 $17 {[%emt 0:00:01][%mdl 4096] Endgame KRB-KR} Rc7 {[%emt 0:00:34] Against Rd7} 42. Kf3 Kf7 43. a4 Bf8 44. b5 Ke8 45. Rd4 Rh7 46. Rc4 Kd7 47. Rc6 Bd6 48. a5 bxa5 49. Ra6 Bc5 ({But not} 49... Rh3+ $2 50. Ke4 $19) 50. Rxf6 Rg7 {[%emt 0:02:34] Strongly threatening ...Bd6.} 51. Kg4 $2 (51. Rc6 {keeps fighting.} g4+ 52. Kg2) 51... Bd6 $19 52. Rh6 a4 53. f6 {[%emt 0:00:16] Inhibits a3.} (53. e4 $142 Re7 54. f3) 53... Rf7 {[%emt 0:00:24] aiming for ...a3.} 54. Kf5 Be7 {[%emt 0:02:01][%cal Of7f6] ( -> ...Rxf6+!)} 55. Ke5 {[%emt 0:02:46] [#]} Bxf6+ $1 56. Kd5 (56. Ke4 a3) 56... a3 {[%emt 0:25:27] Weighted Error Value: White=0.59/Black=0.37} 0-1

[Event "ITT 1st Parada Jamundi 2022"]
[Site "Jamundi Valle"]
[Date "2022.12.09"]
[Round "7.17"]
[White "Chavarro, Jeffry"]
[Black "Estrada Velandia, Henry Andres"]
[Result "1/2-1/2"]
[ECO "C11"]
[WhiteElo "2020"]
[BlackElo "1883"]
[Annotator "TA"]
[PlyCount "124"]
[EventDate "2022.12.05"]
[EventType "swiss"]
[EventCountry "COL"]
[SourceTitle "playchess.com"]
[Source "ChessBase"]
[SourceQuality "1"]
[TimeControl "5400+30"]

1. e4 e6 2. d4 d5 3. Nc3 Nf6 4. e5 Nfd7 5. Nce2 Be7 6. f4 c5 7. Nf3 Nc6 8. c3 O-O 9. Be3 {[%emt 0:06:50] 9.h4 is setting a new trend. C11: French: Classical System: 4 e5 and 4 Bg5 dxe4.} cxd4 10. cxd4 {[%emt 0:10:01] [#]} Nb6 $146 ({Predecessor:} 10... f6 11. Nc3 fxe5 12. fxe5 a6 13. Be2 b5 14. a3 Nb6 15. Rc1 Nc4 16. Bxc4 bxc4 17. O-O Bd7 18. Qe1 Be8 19. Na4 Nxd4 20. Nxd4 Rxf1+ 21. Qxf1 Bf7 {0-1 (21) Dande,A (1680)-Farr,J (1525) FICGS email 2009}) 11. Nc3 Na5 (11... Nc4 $11 12. Bxc4 dxc4) 12. b3 $14 Bd7 13. Bd3 Rc8 14. Rc1 h6 15. h4 (15. Bb1 $14 {feels stronger.}) 15... Ba3 $11 {[%emt 0:02:25] [#]} 16. Bb1 $1 Bxc1 (16... f5 17. Rc2) 17. Qd3 f5 $1 18. exf6 $40 {[%emt 0:00:42][%mdl 128] White has some attack.} Qxf6 19. Bxc1 Qf5 {[%emt 0:02:35] Inhibits g4.} 20. Qd2 Qg4 (20... Qxf4 $14 21. Qxf4 Rxf4 22. Bxf4 Rxc3) 21. Kf2 $1 $16 Nc6 (21... Rf5 $16) 22. h5 $1 $18 e5 23. dxe5 (23. Rh4 Qe6 24. dxe5 Qe7 $14) 23... d4 24. Ne4 Nd5 25. Rh4 Qe6 26. Nc5 Qe7 27. Nxd7 Qxd7 28. Qd3 Nce7 {[%emt 0:02:12] [#]} 29. Nxd4 $1 {[%emt 0:02:45] Dancing on a razor blade.} Nf5 {[%emt 0:02:33] ...Nb4 is the strong threat.} (29... Rxc1 $2 30. e6 Rxb1 31. exd7 $18) 30. Nxf5 $2 (30. e6 $1 $18 Qd8 31. Nxf5 Rxf5 32. Qxf5 Qxh4+ 33. Kf3) 30... Rxc1 $11 31. Qxd5+ Qxd5 32. Ne7+ Kf7 {[%emt 0:00:51] ( -> ...Qd4+)} 33. Nxd5 Rxb1 {[%emt 0:00:24][%mdl 4096] Endgame KRR-KRN} 34. f5 {[%emt 0:00:01] Strongly threatening Rc4.} Rc8 (34... Rd8 $1 $11 35. e6+ Ke8) 35. e6+ (35. Rb4 $1 $18 ) 35... Kf8 $16 36. Rf4 {[%emt 0:01:23] White is more active.} ({White should try} 36. Rd4 $1 $16) 36... Rd1 37. Ne3 {[%emt 0:00:42] Against Rc2+} Rd2+ 38. Kf3 Ke7 (38... Rc3 $11) 39. Rg4 Kf8 40. Nc4 (40. f6 $1 $14 gxf6 41. Nf5 Rc3+ 42. Kf4 Rf2+ 43. Ke4 Re2+ 44. Kd4) 40... Rxa2 $11 41. Rd4 b5 42. Ne3 Rc3 $2 (42... a5 $11 {and Black stays safe.}) 43. Rd8+ $18 Ke7 44. Rd7+ ({Only move:} 44. Rg8 $18 Rxb3 45. Rxg7+ Kd6 46. Rd7+ Kc6 47. f6) 44... Kf8 $16 45. Rd8+ (45. Rf7+ $1 $16 Kg8 46. f6 gxf6 47. Rxf6 Rxg2 48. Kxg2 (48. e7 Rg3+ 49. Kxg3 Rxe3+ 50. Kf4 Rxe7 $11) 48... Rxe3 49. Kf2 (49. Rxh6 a5 $11)) 45... Ke7 $18 {[%emt 0:00:02] [#]} 46. Rd7+ (46. Rg8 $1 $18 Rxb3 47. Rxg7+ Kd6 48. Rd7+ Kc6 49. f6) 46... Kf8 $11 47. Rf7+ Kg8 $1 48. f6 gxf6 (48... Rxb3 49. Rxg7+ Kf8 50. e7+ Ke8 51. Rg8+ Kd7 52. e8=Q+ Kd6 53. Qe7+ Kc6 54. Rc8+ Kb6 55. Qd8+ Kb7 56. Rc7+ Kb6 57. Qd6+ Ka5 58. Rxa7#) 49. Rxf6 {[%emt 0:00:01] Threatens to win with e7.} Rc8 $2 (49... Rxb3 {is a self mate.} 50. e7 (50. Rxh6 $2 Raa3 $19) 50... Rxe3+ 51. Kxe3 Ra3+ 52. Kf4 Kg7 53. Re6 Ra4+ 54. Kf5) (49... Rxg2 $1 $11 50. Kxg2 (50. e7 Rg3+ 51. Kxg3 Rxe3+ 52. Kg4 Rxe7 $11) 50... Rxe3) 50. Nf5 ({Not} 50. Rxh6 Rf8+ 51. Ke4 a5 52. Rg6+ Kh8 $18) (50. Nd5 $142 {Black must now prevent Rf7.} Rf8 51. e7) 50... Rc3+ $18 51. Ke4 {[%emt 0:00:03] And now Rg6+ would win.} Re2+ (51... Rxg2 52. Rg6+ Rxg6 53. hxg6 $18) 52. Kd4 Rxb3 {[%emt 0:02:53] [#]} 53. e7 $2 (53. Rg6+ $1 $18 Kf8 54. Rxh6) 53... Rb4+ $1 $11 (53... Rxg2 $2 54. e8=Q+ Kh7 55. Rxh6#) 54. Kd3 {[%emt 0:00:32][%mdl 1024] White has compensation.} Rbe4 (54... Rxg2 $2 {leads to mate.} 55. e8=Q+ Kh7 56. Rxh6#) 55. Rf8+ Kh7 {[%emt 0:00:00] The position is equal.} 56. Rf7+ Kh8 57. Rf8+ Kh7 58. Rf7+ Kh8 59. Rf8+ Kh7 60. Rf7+ Kh8 61. Rf8+ Kh7 62. Rf6 Kh8 {[%emt 0:02:30] Weighted Error Value: White=0.30/Black=0.40} 1/2-1/2

[Event "ITT 1st Parada Jamundi 2022"]
[Site "Jamundi Valle"]
[Date "2022.12.09"]
[Round "7.18"]
[White "Franco, Jhonier"]
[Black "Ramirez, Andres Felipe"]
[Result "0-1"]
[ECO "B01"]
[WhiteElo "1900"]
[BlackElo "1571"]
[Annotator "TA"]
[PlyCount "85"]
[EventDate "2022.12.05"]
[EventType "swiss"]
[EventCountry "COL"]
[SourceTitle "playchess.com"]
[Source "ChessBase"]
[SourceQuality "1"]
[TimeControl "5400+30"]

1. e4 d5 2. exd5 Qxd5 3. d4 c6 4. c4 Qd8 5. Nc3 Nf6 6. Nf3 {[%emt 0:00:31] B01: Scandinavian Defence.} Bf5 7. Bd3 Bxd3 8. Qxd3 {[%emt 0:00:01] White is slightly better.} e6 9. Bg5 Be7 10. O-O-O O-O 11. h4 Nbd7 {[%emt 0:03:09][%cal Ob7b5] [#]} 12. Rde1 $146 {[%emt 1:31:37] Against b5} (12. Kb1 $11) ({Predecessor:} 12. Ne5 Re8 13. Qg3 Qa5 14. h5 Rad8 15. Bh6 Bf8 16. Bxg7 Bxg7 17. h6 Kf8 18. Qxg7+ {1-0 (41) Alekseenko,K (2696)-Nitish,B (2351) Chess.com INT 2020}) 12... Re8 13. g4 Nxg4 14. Qe2 h5 15. Ne4 Ndf6 {[%emt 0:00:23] [#] ...Nxe4 is the strong threat.} 16. Nc3 ({Better is} 16. Ng3) 16... b5 17. c5 b4 18. Nd1 Qd5 19. Kb1 b3 20. a3 Qf5+ 21. Ka1 Qc2 {[%emt 1:12:43] Black has more active pieces. The white rooks are badly placed.} 22. Qa6 Ne4 $2 ({Of course not} 22... Nxf2 $6 23. Nxf2 Qxf2 24. Rhf1 $11) (22... Nd5 $17 23. Ne3 Ndxe3 24. fxe3 Qe4) 23. Re2 $2 (23. Ne3 $14 Nxe3 24. fxe3) 23... Bxg5 $2 (23... Nxg5 $1 $19 24. Rxc2 bxc2) 24. Rxc2 $11 bxc2 $40 {[%emt 0:00:00][%mdl 128] Black attacks. The board is on fire.} 25. Ne3 Ngxf2 (25... Bxe3 $11 26. fxe3 Nxe3) 26. Rc1 $2 (26. hxg5 $16 {keeps the pressure on.} Nxh1 27. Nxc2) 26... Bxe3 $19 27. Rxc2 Ng4 28. Qxc6 Nef6 29. Qa6 e5 30. dxe5 Nxe5 31. Nxe5 Rxe5 32. c6 {[%emt 0:00:00] [#] And now c7 would win.} Ree8 $1 33. Re2 Bb6 {[%emt 0:00:00] Inhibits c7.} 34. Rc2 (34. Ka2 {was worth a try.}) 34... Nd5 35. Qb5 Rad8 36. a4 Bc7 {[%emt 0:00:00] Black is clearly winning.} 37. Rc1 a5 38. Qc4 Nb4 39. Qb5 g6 40. Qb7 Re7 {[%emt 0:00:00] Threatens to win with ...Rde8.} 41. Qb5 Rb8 42. Qg5 Re5 43. Qg1 {[%emt 0:00:00] Weighted Error Value: White=0.89/Black=0.37} 0-1

[Event "ITT 1st Parada Jamundi 2022"]
[Site "Jamundi Valle"]
[Date "2022.12.09"]
[Round "7.19"]
[White "Hernandez Jimenez, Xavi"]
[Black "Luligo Bejarano, Luis Angel"]
[Result "0-1"]
[ECO "B80"]
[WhiteElo "1678"]
[BlackElo "1675"]
[Annotator "NA RC COMBH"]
[PlyCount "68"]
[EventDate "2022.12.05"]
[EventType "swiss"]
[EventCountry "COL"]
[SourceTitle "playchess.com"]
[Source "ChessBase"]
[SourceQuality "1"]
[TimeControl "5400+30"]

1. e4 c5 2. Nf3 d6 3. d4 cxd4 4. Nxd4 Nf6 5. Nc3 a6 6. f3 e6 7. Be3 Be7 8. Qd2 b5 9. O-O-O b4 10. Nce2 Qc7 11. g4 h6 12. h4 d5 13. Bg2 e5 14. Nf5 Bxf5 15. gxf5 dxe4 16. fxe4 Nbd7 17. Bf3 Nb6 18. Qd3 Nc4 19. Bf2 a5 20. Ng3 Rd8 21. Qb3 O-O 22. Rhg1 Qc6 23. Rd5 Rc8 24. Qd3 a4 25. Kb1 b3 26. cxb3 axb3 27. axb3 Nb6 28. Rxe5 Rfd8 29. Qe2 Bb4 30. Be3 Rd2 31. Qxd2 Bxd2 32. Rc5 Qd7 33. Rxc8+ Nxc8 34. Rd1 Qd4 0-1

[Event "ITT 1st Parada Jamundi 2022"]
[Site "Jamundi Valle"]
[Date "2022.12.09"]
[Round "7.20"]
[White "Garces, Javier"]
[Black "Mata Zambrano, Luis Enrique"]
[Result "1-0"]
[ECO "D91"]
[WhiteElo "1863"]
[BlackElo "1544"]
[Annotator "NA RC COMBH"]
[PlyCount "73"]
[EventDate "2022.12.05"]
[EventType "swiss"]
[EventCountry "COL"]
[SourceTitle "playchess.com"]
[Source "ChessBase"]
[SourceQuality "1"]
[TimeControl "5400+30"]

1. d4 Nf6 2. c4 g6 3. Nc3 d5 4. Bg5 Ne4 5. Bh4 Nxc3 6. bxc3 Bg7 7. Nf3 O-O 8. e3 c6 9. Qb3 dxc4 10. Bxc4 b5 11. Be2 Be6 12. Qb4 f6 13. O-O Nd7 14. a4 a6 15. axb5 cxb5 16. c4 Nb6 17. cxb5 Nd5 18. Qb2 Qb6 19. Qa3 axb5 20. Qxa8 Rxa8 21. Rxa8+ Kf7 22. Rc1 Qb7 23. Ra5 b4 24. Rb5 Qa7 25. Bc4 Qa3 26. Re1 Nc7 27. Bxe6+ Kxe6 28. Rb6+ Kf7 29. e4 g5 30. Bg3 g4 31. Nh4 Ne6 32. Nf5 Qc3 33. Rb1 Qc2 34. R6xb4 Qxe4 35. Nxg7 Nxg7 36. d5 h5 37. Rxe4 1-0

[Event "ITT 1st Parada Jamundi 2022"]
[Site "Jamundi Valle"]
[Date "2022.12.09"]
[Round "7.21"]
[White "Dabraccio, Guillermo"]
[Black "Contreras, Camilo Andres"]
[Result "0-1"]
[ECO "A80"]
[WhiteElo "1562"]
[BlackElo "1848"]
[Annotator "NA RC COMBH"]
[PlyCount "58"]
[EventDate "2022.12.05"]
[EventType "swiss"]
[EventCountry "COL"]
[SourceTitle "playchess.com"]
[Source "ChessBase"]
[SourceQuality "1"]
[TimeControl "5400+30"]

1. d4 f5 2. Nd2 Nf6 3. Ngf3 g6 4. e3 Bg7 5. Bc4 e6 6. O-O O-O 7. b3 d5 8. Be2 Ne4 9. Bb2 Nd7 10. c4 c6 11. Nxe4 fxe4 12. Ne1 Qg5 13. Ba3 Rf7 14. cxd5 exd5 15. Bg4 Nf8 16. Bxc8 Rxc8 17. Rc1 Ne6 18. Qd2 Bxd4 19. Bb2 Bxb2 20. Qxb2 Rcf8 21. Qe2 d4 22. f4 d3 23. fxg5 dxe2 24. Rxf7 Rxf7 25. Nc2 Rd7 26. Re1 Rd2 27. Nd4 Nxd4 28. exd4 e3 29. a3 Rd1 0-1

[Event "ITT 1st Parada Jamundi 2022"]
[Site "Jamundi Valle"]
[Date "2022.12.09"]
[Round "7.22"]
[White "Valencia, Dario"]
[Black "Rodriguez, Juan Gabriel"]
[Result "0-1"]
[ECO "B23"]
[WhiteElo "1841"]
[BlackElo "1665"]
[Annotator "NA RC COMBH"]
[PlyCount "72"]
[EventDate "2022.12.05"]
[EventType "swiss"]
[EventCountry "COL"]
[SourceTitle "playchess.com"]
[Source "ChessBase"]
[SourceQuality "1"]
[TimeControl "5400+30"]

1. e4 c5 2. Nc3 Nc6 3. f4 e6 4. Nf3 d5 5. Bb5 d4 6. Ne2 Bd7 7. d3 Qa5+ 8. Bd2 Qxb5 9. O-O Nf6 10. Ng3 Be7 11. c4 dxc3 12. Bxc3 O-O-O 13. a4 Qa6 14. Qc2 Kb8 15. Kh1 h6 16. Rfd1 Rc8 17. Qb3 Rhd8 18. Qb5 Qxb5 19. axb5 Nb4 20. Be5+ Ka8 21. b6 a6 22. Bc7 Rf8 23. d4 Bc6 24. dxc5 Bxc5 25. Rdc1 Be7 26. Nd4 Bxe4 27. Nxe4 Nxe4 28. Ra4 Nf2+ 29. Kg1 Nfd3 30. Rc3 Nxb2 31. Ra5 N2d3 32. Rca3 Bc5 33. Rxc5 Nxc5 34. Bd6 Ncd3 35. h3 Rfd8 36. Nb5 Rxd6 0-1

[Event "ITT 1st Parada Jamundi 2022"]
[Site "Jamundi Valle"]
[Date "2022.12.09"]
[Round "7.23"]
[White "Gomez Saenz, Manuela"]
[Black "Hernandez Pinzon, Helvert"]
[Result "0-1"]
[ECO "B25"]
[WhiteElo "1479"]
[BlackElo "1835"]
[Annotator "NA RC COMBH"]
[PlyCount "76"]
[EventDate "2022.12.05"]
[EventType "swiss"]
[EventCountry "COL"]
[SourceTitle "playchess.com"]
[Source "ChessBase"]
[SourceQuality "1"]
[TimeControl "5400+30"]

1. e4 c5 2. Nc3 Nc6 3. g3 g6 4. Bg2 Bg7 5. f4 e6 6. d3 d6 7. Nf3 Nge7 8. O-O O-O 9. Be3 Nd4 10. e5 Nef5 11. Bf2 Nxf3+ 12. Qxf3 Nd4 13. Qd1 dxe5 14. fxe5 Bxe5 15. Ne4 f5 16. Nd2 Nc6 17. Bxc5 Bd4+ 18. Bxd4 Qxd4+ 19. Kh1 Qxb2 20. Nc4 Qf6 21. Qd2 e5 22. Rae1 Re8 23. Re4 Qg7 24. Rh4 Be6 25. Rb1 Rad8 26. Qc3 Re7 27. Re1 e4 28. Qxg7+ Kxg7 29. Rf4 Bxc4 30. dxc4 Rd2 31. g4 Re5 32. gxf5 gxf5 33. Rg1 Kf6 34. Rh4 Re7 35. Rf1 e3 36. Rhf4 Re5 37. Bf3 e2 38. Re1 Rd1 0-1

[Event "ITT 1st Parada Jamundi 2022"]
[Site "Jamundi Valle"]
[Date "2022.12.09"]
[Round "7.25"]
[White "Avella Munoz, Andrea"]
[Black "Idrobo, Juan Manuel"]
[Result "0-1"]
[ECO "B12"]
[WhiteElo "1472"]
[BlackElo "1809"]
[Annotator "NA RC COMBH"]
[PlyCount "54"]
[EventDate "2022.12.05"]
[EventType "swiss"]
[EventCountry "COL"]
[SourceTitle "playchess.com"]
[Source "ChessBase"]
[SourceQuality "1"]
[TimeControl "5400+30"]

1. d4 d6 2. e4 Nd7 3. Nf3 c6 4. Bd3 Qc7 5. Nc3 e5 6. O-O Ngf6 7. Ne2 g6 8. b3 Bg7 9. Bb2 O-O 10. dxe5 dxe5 11. c4 b6 12. Rc1 c5 13. Nc3 Bh6 14. Nd5 Nxd5 15. exd5 Bxc1 16. Qxc1 f5 17. Qh6 Re8 18. Re1 Re7 19. d6 Qxd6 20. Bxf5 Bb7 21. Ng5 Nf8 22. Ne4 Bxe4 23. Bxe4 Rae8 24. Bd5+ Kh8 25. Bxe5+ Rxe5 26. Rxe5 Rxe5 27. f4 Rh5 0-1

[Event "ITT 1st Parada Jamundi 2022"]
[Site "Jamundi Valle"]
[Date "2022.12.09"]
[Round "7.26"]
[White "Castro Castro, Joaquin"]
[Black "Pena Ramirez, Jatniel"]
[Result "1-0"]
[ECO "B90"]
[WhiteElo "1797"]
[BlackElo "1201"]
[Annotator "NA RC COMBH"]
[PlyCount "43"]
[EventDate "2022.12.05"]
[EventType "swiss"]
[EventCountry "COL"]
[SourceTitle "playchess.com"]
[Source "ChessBase"]
[SourceQuality "1"]
[TimeControl "5400+30"]

1. e4 c5 2. Nf3 d6 3. d4 cxd4 4. Nxd4 Nf6 5. Nc3 a6 6. f3 e5 7. Nb3 Be6 8. Be3 Nbd7 9. g4 Be7 10. g5 Nh5 11. Qd2 O-O 12. O-O-O b5 13. Nd5 Bxd5 14. exd5 Nb6 15. Na5 Rc8 16. Nc6 Rxc6 17. dxc6 Nf4 18. h4 Nfd5 19. Bf2 Qc7 20. Bd3 Qxc6 21. Be4 Rc8 22. Bxb6 1-0